 Dungeon Crawl Stone Soup version 0.31-a0-875-g02e7d12df6 (webtiles) character file.

Game seed: 10544491003074338319

14350 IdlyInterested the Fighter (level 11, 0/95 HPs)
             Began as a Demonspawn Gladiator on Oct 12, 2023.
             Slain by a death yak (11 damage)
             ... on level 11 of the Dungeon.
             The game lasted 00:48:25 (12472 turns).

IdlyInterested the Fighter (Demonspawn Gladiator)  Turns: 12472, Time: 00:48:26

Health: 0/95       AC:  7    Str: 12    XL:     11   Next: 87%
Magic:  0/16       EV: 15    Int:  9    God:
Gold:   460        SH:  0    Dex: 27    Spells: 17/20 levels left

rFire   . . .        V - staff of Doom {rPois Will+ Int-5 Earth}
rCold   . . .        (no shield)
rNeg    . . .        x - +2 troll leather armour
rPois   +            (helmet restricted)
rElec   .            W - +0 cloak
rCorr   .            (no gloves)
SInv    .            (no boots)
Will    +....        K - amulet of guardian spirit
Stlth   +++          v - +6 ring of dexterity
HPRegen 1.15/turn    b - +6 ring of dexterity
MPRegen 0.15/turn

%: guardian spirit
@: mighty
A: antennae 1, hooves 2, powered by pain 1, spiny 2, demonic touch 1,
deterioration 1, low MP 1, weak 1, subdued magic 1
a: no special abilities


You were on level 11 of the Dungeon.
You visited 2 branches of the dungeon, and saw 12 of its levels.
You also visited: Sewer and Bailey.

You collected 866 gold pieces.
You spent 406 gold pieces at shops.

Inventory:

Hand Weapons
 a - a +0 heavy quarterstaff
 j - a +2 vampiric dagger
 n - a +2 dagger of freezing
 G - a +2 dagger of venom
 P - a +0 trident
 S - a +1 short sword of electrocution
Missiles
 c - 4 curare-tipped darts
 d - 5 throwing nets
 e - a javelin
 l - 9 stones (quivered)
 D - 15 poisoned darts
 F - 6 boomerangs
Armour
 x - a +2 troll leather armour (worn)
 W - a +0 cloak (worn)
Magical Staves
 V - the staff of Doom (weapon) {rPois Will+ Int-5 Earth}
   (You found it on level 8 of the Dungeon)

   [staff of earth]

   Base accuracy: +5 Base damage: 5 Base attack delay: 1.2 This weapon's minimum
   attack delay (0.6) is reached at skill level 12.
   Int-5:     It affects your intelligence (-5).
   rPois:     It protects you from poison Will+: It increases your willpower.
   Earth:     It increases the power of your Earth spells.
   It falls into the 'Staves' category.
   It is a one-handed weapon.
 Y - a staff of poison
Jewellery
 b - a +6 ring of dexterity (right hand)
 g - an amulet of regeneration
 m - a ring of resist corrosion
 v - a +6 ring of dexterity (left hand)
 J - a ring of fire
 K - an amulet of guardian spirit (around neck)
 Z - a ring of ice
Wands
 p - a wand of iceblast (14)
 s - a wand of flame (6)
Scrolls
 i - 3 scrolls of fear
 k - a scroll of enchant weapon
 o - 2 scrolls of immolation
 u - 9 scrolls of teleportation
 w - a scroll of brand weapon
 y - 2 scrolls of blinking
Potions
 f - a potion of attraction
 t - 7 potions of brilliance
 B - a potion of lignification


   Skills:
 - Level 12.0 Fighting
 + Level 1.5 Short Blades
 - Level 10.0 Staves
 - Level 2.0 Throwing
 - Level 6.0 Armour
 - Level 4.0 Dodging
 - Level 2.0 Stealth
 - Level 5.0 Spellcasting
 - Level 1.0 Transmutations
 - Level 1.0 Fire Magic
 - Level 2.0 Earth Magic
 - Level 2.0 Poison Magic
 * Level 4.2 Evocations


You had 17 spell levels left.
You knew the following spells:

 Your Spells              Type           Power      Damage    Failure   Level
a - Ignite Poison         Fire/Tmut/Pois 3%         N/A       43%         3

Your spell library contained the following spells:

 Spells                   Type           Power      Damage    Failure   Level
 Sting                    Tmut/Pois      12%        1d3       13%         1
 Foxfire                  Conj/Fire      8%         2x1d4     21%         1
 Kiss of Death            Conj/Necr      4%         2d5       26%         1
 Slow                     Hex            4%         N/A       26%         1
 Poisonous Vapours        Pois/Air       6%         N/A       26%         2
 Cigotuvi's Dreadful Rot  Necr/Pois/Air  4%         N/A       30%         2
 Inner Flame              Hex/Fire       2%         N/A       54%         3
 Volatile Blastmotes      Fire/Tloc      4%         2d10      54%         3
 Confusing Touch          Hex            1%         N/A       61%         3
 Sigil of Binding         Hex            1%         N/A       61%         3
 Tukima's Dance           Hex            1%         N/A       61%         3
 Vampiric Draining        Necr           1%         2d6       61%         3
 Olgreb's Toxic Radiance  Pois           4%         N/A       75%         4
 Cause Fear               Hex            0%         N/A       95%         4
 Dimensional Bullseye     Hex/Tloc       0%         N/A       95%         4
 Dispel Undead            Necr           1%         3d6       95%         4
 Fulminant Prism          Conj/Hex       0%         3d5       95%         4
 Iskenderun's Mystic Bla  Conj/Tloc      1%         2d3       95%         4
 Passage of Golubria      Tloc           1%         N/A       95%         4
 Fireball                 Conj/Fire      1%         3d3       99%         5
 Freezing Cloud           Conj/Ice/Air   0%         6-21      100%        5
 Silence                  Hex/Air        0%         N/A       100%        5
 Lehudib's Crystal Spear  Conj/Erth      2%         10d2      100%        8
 Dragon's Call            Summ           0%         N/A       100%        9


Dungeon Overview and Level Annotations

Branches:
Dungeon (11/15)            Temple (1/1) D:7           Sewer (visited)
 Bailey (visited)
   Lair: D:8-11         Orc: D:9-12

Altars:
Ashenzari
Cheibriados
Dithmenos
Fedhas
Gozag
Hepliaklqana
Kikubaaqudgha
Makhleb
Nemelex Xobeh
Okawaru
Qazlal
Ru
Sif Muna
Trog
Uskayaw
Vehumet
Wu Jian
Xom
Yredelemnul
Jiyva

Shops:
D:2 !   D:10 *


Innate Abilities, Weirdness & Mutations

You have a pair of small antennae on your head.
You have hoof-like feet.
You sometimes gain a little power by taking damage.
You are mostly covered in sharp spines.
Your touch may inflict minor irresistible damage on your foes.
Your body sometimes deteriorates upon taking damage.
Your magical capacity is low. (-10% MP)
You are weak. (Str -2)
Your spells are a little easier to cast, but a little less powerful.


Message History

The yak is almost dead.
The death yak snorts and paws the ground.
The death yak closely misses you. The yak gores you but does no damage.
You hit the yak. You kick the yak.
You kill the yak!
You feel your strength returning.
Unknown command.
You hit the death yak. You kick the death yak!
The death yak is lightly wounded.
The death yak barely misses you.
You barely miss the death yak.
You kick the death yak, but do no damage.
The death yak gores you!
* * * LOW HITPOINT WARNING * * *
The death yak gores you.
* * * LOW HITPOINT WARNING * * *
The hell rat roars deafeningly!
You hit the death yak.
You kick the death yak, but do no damage.
You touch the death yak!
The death yak is moderately wounded.
A centaur warrior comes into view.
The centaur warrior shouts!
You hit the death yak!
You kick the death yak, but do no damage.
The death yak is moderately wounded.
The death yak is struck by your spines. The death yak gores you.
* * * LOW HITPOINT WARNING * * *
The death yak gores you.
* * * LOW HITPOINT WARNING * * *
The quokka twitches its whiskers.
You hit the death yak!
You touch the death yak.
The death yak is heavily wounded.
The centaur wields a +0 orcbow.
The centaur shoots an arrow.
The arrow hits you!
* * * LOW HITPOINT WARNING * * *
The death yak is struck by your spines.
The death yak gores you but does no damage.
The death yak is struck by your spines. The death yak gores you!
You die...

....Y......>........
.YY...#.#..........#
.r!.....#.cr.......#
.....Y..Y##..#....
.........YyH....#
.....Y...Yyrc...##.
.#....####yyc.....#
?...# #YY##.....#
... ##@##....# .
#....c.### ##..####
####


You could see 2 death yaks, a centaur warrior, a manticore, 3 yaks, 4 vampire
mosquitoes, 2 centaurs and a hell rat.

Vanquished Creatures
  2 vault guards (Bailey)
  2 two-headed ogres
  The ghost of relicbr the Basher, a journeyman KoFi of Okawaru (D:9)
  A death yak (D:11)
  The ghost of croobank the Covert, a novice OpIE of Gozag (D:8)
  An ugly thing (D:8)
  Maurice (D:8)
  A gargoyle (D:10)
  An unseen horror (D:10)
  2 trolls
  Prince Ribbit (D:7)
  2 hornets
  A blink frog (Bailey)
  2 slime creatures (D:8)
  2 wraiths
  A shadow (D:8)
  6 yaks
  A wyvern (D:9)
  Grum (D:8)
  5 humans (Bailey)
  A neqoxec (D:9)
  6 vampire mosquitoes
  3 water moccasins
  2 orc warriors
  An ice beast (D:6)
  5 black bears
  2 ogres
  4 centaurs
  A wolf (D:8)
  A phantom (D:6)
  10 bullfrogs
  3 scorpions
  2 gnoll sergeants
  5 wights (D:7)
  3 killer bees (D:9)
  5 howler monkeys
  2 hounds (D:6)
  2 quasits (D:9)
  4 jellies
  6 orc priests
  A gnoll bouda (D:5)
  3 sleepcaps
  Jessica (D:2)
  An iguana (D:5)
  7 orc wizards
  A hell rat (D:10)
  14 gnolls
  12 adders
  A river rat (D:3)
  2 white imps
  An ufetubus (D:5)
  2 worms (D:2)
  A dart slug (D:1)
  41 orcs
  9 endoplasms
  A giant cockroach (D:3)
  6 goblins
  10 hobgoblins
  2 jackals (D:4)
  7 kobolds
  2 quokkas
  2 ball pythons
  4 bats
  11 frilled lizards
  14 rats
259 creatures vanquished.

Vanquished Creatures (others)
  A wolf (D:8)
  An orc wizard (D:8)
2 creatures vanquished.

Grand Total: 261 creatures vanquished

Notes
Turn   | Place    | Note
-------+----------+-------------------------------------------
     0 | D:1      | IdlyInterested the Demonspawn Gladiator began the quest for
                  | the Orb.
     0 | D:1      | Reached XP level 1. HP: 16/16 MP: 1/1
   131 | D:1      | Reached skill level 1 in Spellcasting
   131 | D:1      | Gained mutation: You are partially covered in sharp spines.
                  | [demonic ancestry]
   131 | D:1      | Reached XP level 2. HP: 22/22 MP: 3/3
   326 | D:1      | Found a faded altar of an unknown god.
   630 | D:2      | Found Qoelar's Distillery.
   648 | D:2      | Reached skill level 1 in Armour
   648 | D:2      | Reached XP level 3. HP: 25/28 MP: 4/4
   838 | D:2      | Noticed Jessica
   841 | D:2      | Killed Jessica
   842 | D:2      | Reached skill level 3 in Fighting
   991 | D:2      | Discovered your monstrous ancestry.
   991 | D:2      | Gained mutation: You have large cloven feet. [demonic
                  | ancestry]
   991 | D:2      | Reached XP level 4. HP: 35/35 MP: 5/5
  1430 | D:2      | Bought a potion of berserk rage for 70 gold pieces
  1449 | D:3      | Found a glowing drain.
  1459 | D:3      | Reached skill level 1 in Stealth
  1477 | Sewer    | Entered a sewer
  1710 | Sewer    | Gained mutation: You are mostly covered in sharp spines.
                  | [demonic ancestry]
  1710 | Sewer    | Reached XP level 5. HP: 42/42 MP: 6/6
  1891 | D:3      | Reached skill level 4 in Fighting
  1891 | D:3      | Reached skill level 1 in Evocations
  2108 | D:2      | Bought a potion of brilliance for 56 gold pieces
  2437 | D:2      | Bought a potion of curing for 42 gold pieces
  2539 | D:4      | Gained mutation: You have hoof-like feet. [demonic
                  | ancestry]
  2539 | D:4      | Reached XP level 6. HP: 40/48 MP: 9/9
  2621 | D:2      | Bought a potion of degeneration for 14 gold pieces
  3080 | D:4      | Found a sparkling altar of Nemelex Xobeh.
  3232 | D:4      | Found a shimmering altar of Xom.
  3649 | D:5      | Entered Level 5 of the Dungeon
  3890 | D:5      | Reached skill level 5 in Fighting
  3890 | D:5      | Reached XP level 7. HP: 48/56 MP: 10/10
  4424 | D:5      | Found a hide-covered altar of Uskayaw.
  4716 | D:6      | Reached skill level 6 in Fighting
  4796 | D:6      | Reached skill level 5 in Staves
  4812 | D:6      | Gained mutation: You sometimes gain a little power by
                  | taking damage. [demonic ancestry]
  4812 | D:6      | Reached XP level 8. HP: 16/64 MP: 11/11
  5177 | D:2      | Bought a potion of heal wounds for 70 gold pieces
  5177 | D:2      | Bought a potion of heal wounds for 70 gold pieces
  6182 | D:2      | Bought a potion of curing for 42 gold pieces
  6182 | D:2      | Bought a potion of curing for 42 gold pieces
  6313 | D:7      | Reached skill level 7 in Fighting
  6535 | D:7      | Gained mutation: You have a pair of small antennae on your
                  | head. [demonic ancestry]
  6535 | D:7      | Reached XP level 9. HP: 60/72 MP: 13/13
  6618 | D:7      | Found a staircase to the Ecumenical Temple.
  6627 | Temple   | Entered the Ecumenical Temple
  6721 | D:7      | Noticed Prince Ribbit
  6727 | D:7      | Killed Prince Ribbit
  6728 | D:7      | Reached skill level 8 in Fighting
  6957 | D:8      | Noticed Grum
  6957 | D:8      | Found a hazy altar of Hepliaklqana.
  6957 | D:8      | Found a blossoming altar of Fedhas.
  6972 | D:8      | Killed Grum
  7228 | D:8      | Found an ornate altar of the Wu Jian Council.
  7393 | D:8      | Found a runed translucent gate.
  7393 | D:8      | Found a runed translucent gate.
  7393 | D:8      | Found a runed translucent gate.
  7396 | D:8      | Noticed croobank's ghost (novice OpIE)
  7455 | D:8      | Noticed a two-headed ogre
  7463 | D:8      | Killed a two-headed ogre
  7481 | D:8      | Reached skill level 9 in Fighting
  7689 | D:8      | Noticed Maurice
  7693 | D:8      | Maurice stole 45 gold
  7696 | D:8      | Maurice stole a serpent talisman
  7699 | D:8      | Reached XP level 10. HP: 56/83 MP: 16/16
  7699 | D:8      | Maurice stole a +0 morningstar
  7701 | D:8      | Killed Maurice
  7883 | D:8      | Noticed a cyan ugly thing
  7895 | D:8      | Killed a cyan ugly thing
  7931 | D:8      | Got a droning book
  7932 | D:8      | Identified the staff of Doom {rPois Will+ Int-5 Earth}
  8185 | D:8      | Found a radiant altar of Vehumet.
  8435 | D:8      | Found a viscous altar of Jiyva.
  8443 | D:8      | Reached skill level 10 in Fighting
  8476 | D:8      | Killed croobank's ghost
  8693 | D:9      | Found a transporter.
  8738 | D:9      | Reached skill level 5 in Armour
  8738 | D:9      | Reached skill level 5 in Spellcasting
  8741 | D:9      | Found a flagged portal.
  8748 | D:9      | Identified the +5 hand axe of Arrival {antimagic, Str+2}
  8754 | Bailey   | Entered a bailey
  8885 | Bailey   | Noticed a vault guard
  8924 | Bailey   | Killed a vault guard
  9155 | Bailey   | Gained mutation: Your touch may inflict minor irresistible
                  | damage on your foes. [demonic ancestry]
  9155 | Bailey   | Reached XP level 11. HP: 61/92 MP: 15/18
  9341 | Bailey   | Noticed a vault guard
  9365 | Bailey   | Killed a vault guard
  9552 | D:8      | Learned a level 3 spell: Ignite Poison
  9619 | D:9      | Reached skill level 11 in Fighting
  9803 | D:9      | Found an ancient bone altar of Kikubaaqudgha.
  9874 | D:9      | Noticed relicbr's ghost (journeyman KoFi)
 10171 | D:9      | Reached skill level 1 in Poison Magic
 10254 | D:9      | Found a transporter.
 10285 | D:9      | Noticed a two-headed ogre
 10294 | D:9      | Killed a two-headed ogre
 10556 | D:9      | Gained mutation: Your spells are a little easier to cast,
                  | but a little less powerful. [a neqoxec]
 10573 | D:9      | Gained mutation: Your magical capacity is low. (-10% MP) [a
                  | neqoxec]
 10574 | D:9      | Gained mutation: Your body sometimes deteriorates upon
                  | taking damage. [a neqoxec]
 10577 | D:9      | Gained mutation: You are weak. (Str -2) [a neqoxec]
 10593 | D:9      | Killed relicbr's ghost
 10594 | D:9      | Reached skill level 1 in Earth Magic
 10865 | D:10     | Entered Level 10 of the Dungeon
 11219 | D:10     | Reached skill level 1 in Transmutations
 11546 | D:10     | Reached skill level 12 in Fighting
 11546 | D:10     | Reached skill level 1 in Fire Magic
 11981 | D:10     | Found a sacrificial altar of Ru.
 12018 | D:10     | Found Aeathrad's Alliterative Armaments.
 12296 | D:11     | Reached skill level 10 in Staves
 12301 | D:11     | Noticed a death yak
 12434 | D:11     | Noticed a death yak
 12436 | D:11     | Noticed a death yak
 12463 | D:11     | Killed a death yak
 12464 | D:11     | Reached skill level 1 in Short Blades
 12470 | D:11     | Noticed a centaur warrior
 12472 | D:11     | Slain by a death yak

Illustrated notes

Levels and vault maps discovered:
D:1:      eino_arrival_cavern_b, layout_rooms,
          hellmonk_ecumenical_altar_arch_garden, serial_rivers,
          chequers_serial_rivers_micro_e, chequers_serial_rivers_micro_b,
          chequers_serial_rivers_room_b, chequers_serial_rivers_micro_e
D:2:      layout_loops_ring, serial_shops, shop_statue, grunt_decor_one_mirror,
          minmay_pentomino_t4, uniq_jessica
D:3:      layout_rooms, portal_sewer_entry_a, minmay_misc_feat_x,
          hangedman_decor_clover_reticule
D:4:      layout_loops_ring, mainiacjoe_overflow_small_starburst,
          nemelex_spade_bored_becter, xom_butterflies,
          nicolae_elevator_lobby_plus
D:5:      layout_basic, lemuel_round_altar,
          mainiacjoe_overflow_concentric_impassable
D:6:      layout_loops_cross
D:7:      layout_cave_pools, minmay_temple_entry_water_ring, grunt_ogre_cave,
          uniq_prince_ribbit1
D:8:      minmay_the_grid_square_5x5_3x3 [minmay_the_grid_square_5x5_gyroscope,
          minmay_the_grid_square_5x5_checkered,
          minmay_the_grid_square_5x5_two_small,
          minmay_the_grid_square_5x5_fat_x,
          minmay_the_grid_square_5x5_megaprize_crossed,
          minmay_the_grid_square_5x5_three_walls,
          minmay_the_grid_square_5x5_tie,
          minmay_the_grid_square_5x5_sharp_hourglass,
          minmay_the_grid_square_5x5_inverted_slash], layout_loops_cross,
          mainiacjoe_overflow_six_doors_small, grunt_temple_overflow_open,
          nicolae_wu_jian_wuxing_cycle, gammafunk_ghost_ooze, uniq_maurice,
          uniq_grum
D:9:      layout_loops_ring, kiku_gazebo_pond_becter,
          gammafunk_ghost_stat_death, enter_bailey_2, eino_curves_04
D:10:     layout_gridville, lemuel_round_altar, nicolae_two_hexagons,
          minivault_1, monkooky_shop_alliterative
D:11:     layout_cave_pools, dpeg_lair_monsters
Temple:   bh_familiar_temple

Skill      XL: |  1  2  3  4  5  6  7  8  9 10 11 |
---------------+----------------------------------+-----
Spellcasting   | 1 2 3 4 5 |  5.0
Staves         | 3 4 5 6 8 9 10 | 10.0
Armour         | 1 2 3 4 5 6 |  6.0
Fighting       | 3 4 5 6 7 9 10 12 | 12.0
Stealth        | 1 2 |  2.0
Evocations     | 1 2 4 |  4.2
Dodging        | 3 4 |  4.0
Throwing       | 2 |  2.0
Poison Magic   | 2 |  2.0
Earth Magic    | 2 |  2.0
Transmutations | 1 |  1.0
Fire Magic     | 1 |  1.0
Short Blades   | 1 |  1.5

Action                     |  1- 3 |  4- 6 |  7- 9 | 10-12 || total
---------------------------+-------+-------+-------+-------++-------
  Melee: Quarterstaff      |    52 |   122 |   195 |    68 ||   437
         Kick              |       |    34 |    72 |   167 ||   273
         Staff             |       |       |       |   301 ||   301
         Touch             |       |       |       |    71 ||    71
         Punch             |       |       |       |     4 ||     4
  Throw: Stone             |       |     8 |    22 |    22 ||    52
         Dart              |       |       |     5 |       ||     5
         Throwing net      |       |       |       |     1 ||     1
  Evoke: Wand              |       |       |       |     6 ||     6
    Use: Potion            |     1 |       |    12 |    17 ||    30
         Scroll            |       |     5 |     3 |     8 ||    16
   Stab: Sleeping          |       |       |     1 |       ||     1
         Held in net/web   |       |       |       |     2 ||     2
 Armour: Leather armour    |    17 |       |   102 |    11 ||   130
         Ring mail         |    13 |     8 |       |       ||    21
         Scale mail        |       |    57 |    77 |   193 ||   327
         Troll leather arm |       |       |       |    41 ||    41
  Dodge: Dodged            |    28 |    52 |   143 |   177 ||   400

Table legend: (Time is in decaauts)
 A = Elapsed time spent in this place.
 B = Non-inter-level travel time spent in this place.
 C = Inter-level travel time spent in this place.
 D = Time resting spent in this place.
 E = Time spent auto-exploring this place.
 F = Levels seen in this place.
 G = Mean time per level.
                   A        B        C        D        E       F      G
               +--------+--------+--------+--------+--------+-----+--------+
         Total |  12446 |  10567 |   1879 |   2104 |   5784 |  14 |  889.0 |
       Dungeon |  11431 |   9552 |   1879 |   1671 |   5591 |  11 | 1039.2 |
        Temple |      1 |      1 |      0 |      0 |      0 |   1 |    1.0 |
         Sewer |    342 |    342 |      0 |      0 |    148 |   1 |  342.0 |
        Bailey |    670 |    670 |      0 |    433 |     44 |   1 |  670.0 |
               +--------+--------+--------+--------+--------+-----+--------+

Top non-repeatable levels by time:
     D:8: 1709 daAuts
     D:9: 1660 daAuts
     D:4: 1302 daAuts
    D:10: 1233 daAuts
     D:5: 1213 daAuts
     D:2: 1007 daAuts
     D:6: 932 daAuts
     D:7: 831 daAuts
     D:3: 794 daAuts
     D:1: 692 daAuts
  Bailey: 670 daAuts
   Sewer: 342 daAuts
    D:11: 55 daAuts
  Temple: 1 daAuts
